 Dungeon Crawl Stone Soup version 0.28.0-53-g5a82cb258f (webtiles) character file.

Game seed: 17877562254806366202

49 Stomo the Skirmisher (level 3, 0/29 HPs)
             Began as a Demonspawn Monk on July 2, 2022.
             Was a Follower of Ru.
             Succumbed to an adder's poison
             ... on level 2 of the Dungeon.
             The game lasted 00:02:10 (2015 turns).

Stomo the Skirmisher (Demonspawn Monk)              Turns: 2015, Time: 00:02:11

Health: 0/29       AC:  5    Str: 13    XL:     3   Next: 53%
Magic:  3/3        EV: 11    Int: 11    God:    Ru [*.....]
Gold:   39         SH:  0    Dex: 15    Spells: 2/2 levels left

rFire   . . .      SeeInvis .   a - +0 mace
rCold   . . .      Faith    .   (no shield)
rNeg    . . .      Spirit   .   h - +0 ring mail
rPois   .          Reflect  .   (no helmet)
rElec   .          Harm     .   (no cloak)
rCorr   .          Rampage  .   (no gloves)
Will    .....                   (no boots)
Stlth   +.........              (no amulet)
HPRegen 0.09/turn               (no ring)
MPRegen 0.08/turn               (no ring)

@: lethally poisoned (0 -> -9)
A: claws 1, no conjurations magic, no earth magic, no hexes magic
a: Renounce Religion


You were on level 2 of the Dungeon.
You worshipped Ru.
Ru was aware of your devotion.
You visited 1 branch of the dungeon, and saw 3 of its levels.

You collected 39 gold pieces.

Inventory:

Hand Weapons
 a - a +0 mace (weapon)
Armour
 b - a +0 robe
 h - a +0 ring mail (worn)
Wands
 j - a wand of polymorph (7)
Scrolls
 c - a scroll of immolation {unknown}
 e - a scroll of teleportation {unknown}
 g - a scroll of identify {unknown}
 i - a scroll of magic mapping {unknown}
Potions
 d - 2 potions of heal wounds {unknown}
 f - a potion of resistance {unknown}
 k - a potion of ambrosia {unknown}


   Skills:
 + Level 3.5 Fighting
 + Level 3.2 Maces & Flails
 + Level 0.7 Armour
 + Level 3.2 Dodging
 - Level 1.7 Stealth


You had 2 spell levels left.
You didn't know any spells.
Your spell library contained the following spells:

 Spells                   Type           Power      Damage    Failure   Level
 Inner Flame              Hex/Fire       Unusable   N/A       N/A         3
 Cause Fear               Hex            Unusable   N/A       N/A         4
 Discord                  Hex            Unusable   N/A       N/A         8

Dungeon Overview and Level Annotations

Branches:
Dungeon (3/15)

Altars:
Ru

Shops:
D:1 =


Innate Abilities, Weirdness & Mutations

You have sharp fingernails.
You cannot study or cast Conjurations magic.
You cannot study or cast Earth magic.
You cannot study or cast Hexes magic.


Message History

You feel very sick. The adder barely misses you.
You barely miss the adder.
The adder is moderately wounded.
You feel sick. The adder closely misses you.
The adder bites you but does no damage.
You barely miss the adder.
The adder is moderately wounded.
You feel sick. The adder bites you but does no damage. The adder misses you.
You completely miss the adder.
The adder is moderately wounded.
You feel sick. The adder bites you but does no damage.
You miss the adder.
The adder is moderately wounded.
You feel sick. The adder bites you. x2
An adder is nearby!
An adder is nearby!
Unknown command.
You feel sick.
You see here 11 stones.
You feel sick.
You are no longer poisoned.
The adder bites you.
You are poisoned.
The adder poisons you!
You miss the adder.
The adder is moderately wounded.
You feel sick. The adder misses you.
You hit the adder.
The adder is severely wounded.
You feel sick. The adder bites you.
* * * LOW HITPOINT WARNING * * *
The adder bites you but does no damage.
You closely miss the adder.
The adder is severely wounded.
You feel sick. The adder bites you.
* * * LOW HITPOINT WARNING * * *
You are more poisoned.
The adder poisons you! The adder closely misses you.
You die...

.#####.#########
...##>.........# .#
.#.#.....#####.# #.#
.#........# #.# #.#
.###.†...## #.# #.# ##
##...<# #.# #.# # #.....#
#.# #.#
####.###.#####.####.####
##...# #........@.S....# #
##.#.###.##.##.####.##.##...
...#.†...##.##.# #(........
#..###.####.##.# #........≈
#......# #.##.# #<...#..≈≈
##.....# #.##.. .....## ≈≈≈
#####.# #.#######...# § ...
#.# #.... ... #.# #..##.


You could see an adder.

Vanquished Creatures
  Jessica (D:2)
  2 worms
  A dart slug (D:2)
  2 bats (D:1)
  An endoplasm (D:2)
  2 giant cockroaches (D:1)
  2 hobgoblins (D:1)
  2 frilled lizards (D:1)
  5 rats
18 creatures vanquished.

Notes
Turn   | Place    | Note
-------+----------+-------------------------------------------
     0 | D:1      | Stomo the Demonspawn Monk began the quest for the Orb.
     0 | D:1      | Reached XP level 1. HP: 18/18 MP: 1/1
   275 | D:1      | Gained mutation: You have sharp fingernails. [demonic
                  | ancestry]
   275 | D:1      | Reached XP level 2. HP: 24/24 MP: 2/2
   279 | D:1      | Found Vitupo Abbi's One-of-a-Kind Rings.
   611 | D:1      | Found a faded altar of an unknown god.
   796 | D:1      | Prayed at the altar of an unknown god.
   796 | D:1      | Became a worshipper of Ru the Awakened
   801 | D:1      | Gained mutation: You cannot study or cast Earth magic. [Ru
                  | sacrifice]
   801 | D:1      | Gained mutation: You cannot study or cast Hexes magic. [Ru
                  | sacrifice]
   801 | D:1      | Gained mutation: You cannot study or cast Conjurations
                  | magic. [Ru sacrifice]
   801 | D:1      | Reached * piety under Ru
   943 | D:2      | Noticed Jessica
  1734 | D:2      | Killed Jessica
  1735 | D:2      | Reached XP level 3. HP: 17/29 MP: 3/3
  2015 | D:2      | Succumbed to an adder's poison

Illustrated notes

Levels and vault maps discovered:
D:1:      amcnicky_arrival_gap_in_the_tavern_cellar, layout_basic,
          chequers_ecumenical_altar_twisty, hangedman_decor_clover_reticule,
          minivault_25, minmay_liquid_box, nicolae_shop_unique_rings
D:2:      layout_loops_ring, grunt_decor_junction, uniq_jessica
D:3:      lemuel_castle_with_subvaults [lemuel_castle_interior_carwin_3],
          layout_loops_ring, chequers_temple_overflow_minitemple,
          glass_columns_a, uniq_sigmund

Skill      XL: |  1  2 |
---------------+-------+-----
Maces & Flails | 3 |  3.2
Dodging        | 3 |  3.2
Fighting       | |  3.5
Armour         | |  0.7
Stealth        | |  1.7

Action                   || total
-------------------------++-------
Melee: Mace              ||    95
Invok: Sacrifice Arcana  ||     1
 Stab: Sleeping          ||     4
Armor: Robe              ||    10
       Ring mail         ||    12
Dodge: Dodged            ||    44
